 Dungeon Crawl Stone Soup version 0.27-a0-1317-gd1140b374c (webtiles) character file.

Game seed: 3814809150378871401

74 HAL9000 the Sneak (level 4, -2/23 HPs)
             Began as a Vine Stalker Brigand on June 21, 2021.
             Slain by an orc (6 damage)
             ... on level 2 of the Dungeon.
             The game lasted 00:02:53 (1734 turns).

HAL9000 the Sneak (Vine Stalker Brigand)            Turns: 1734, Time: 00:02:54

Health: -2/23      AC:  4    Str: 15    XL:     4   Next: 30%
Magic:  0/5        EV: 11    Int: 11    God:
Gold:   55         SH:  0    Dex: 15    Spells: 3/3 levels left

rFire    . . .     SeeInvis .   a - +2 dagger
rCold    . . .     Faith    .   (no shield)
rNeg     . . .     Spirit   +   b - +0 robe
rPois    .         Reflect  .   (no helmet)
rElec    .         Harm     .   c - +0 cloak
rCorr    .         Rampage  .   (no gloves)
Will     .....                  l - +0 pair of boots
Stlth    ++++......             (no amulet)
HPRegen  1.07/turn              (no ring)
MPRegen  0.09/turn              (no ring)

@: no status effects
A: fangs 2, regeneration 1, magic shield, antimagic bite, no potion heal 2
a: no special abilities


You were on level 2 of the Dungeon.
You visited 1 branch of the dungeon, and saw 2 of its levels.

You collected 55 gold pieces.

Inventory:

Hand Weapons
 a - a +2 dagger (weapon)
Missiles
 d - 2 poisoned darts (quivered)
 e - 4 curare-tipped darts
Armour
 b - a +0 robe (worn)
 c - a +0 cloak (worn)
 l - a +0 pair of boots (worn)
Scrolls
 f - 2 scrolls of identify {unknown}
 i - 3 scrolls of fog {unknown}
 j - a scroll of holy word {unknown}
 k - a scroll of vulnerability {unknown}
Potions
 g - 2 potions of resistance {unknown}
 h - 2 potions of curing {unknown}


   Skills:
 - Level 1.7 Fighting
 + Level 1.7 Short Blades
 - Level 1.7 Throwing
 - Level 0.7 Dodging
 - Level 7.2 Stealth


You had 3 spell levels left.
You didn't know any spells.
Your spell library contained the following spells:

 Spells                   Type           Power      Damage    Failure   Level
 Animate Skeleton         Necr           0%         N/A       34%         1
 Pain                     Necr           0%         1d4       34%         1
 Vampiric Draining        Necr           0%         2d6       71%         3
 Animate Dead             Necr           0%         N/A       98%         4
 Agony                    Necr           0%         N/A       100%        5


Dungeon Overview and Level Annotations

Branches:
Dungeon (2/15)

Altars:
Sif Muna


Innate Abilities, Weirdness & Mutations

You have extremely sharp teeth.
Your natural rate of healing is unusually fast.
When hurt, damage is shared between your health and your magic reserves.
Your bite disrupts and absorbs the magic of your enemies.
Potions cannot restore your health.


Message History

You hit the orc but do no damage. You bite the orc, but do no damage.
The orc is heavily wounded.
The orc completely misses you. The orc hits you with a +0 hand axe.
Unknown command.
You barely miss the orc. You bite the orc, but do no damage.
The orc is heavily wounded.
The orc hits you with a +0 short sword. The orc hits you with a +0 hand axe.
You closely miss the orc.
The orc is heavily wounded.
The orc barely misses you. The orc misses you.
You barely miss the orc.
The orc is heavily wounded.
The orc hits you with a +0 short sword. The orc hits you with a +0 hand axe.
* * * LOW HITPOINT WARNING * * *
You closely miss the orc.
The orc is heavily wounded.
The orc closely misses you. x2
Unknown command.
You hit the orc but do no damage. You bite the orc. You drain its power.
You feel invigorated.
The orc is severely wounded.
The orc hits you but does no damage. The orc barely misses you.
You hit the orc but do no damage. You bite the orc, but do no damage.
The orc is heavily wounded.
The orc barely misses you. x2
You hit the orc but do no damage. You bite the orc, but do no damage.
The orc is heavily wounded.
The orc hits you with a +0 short sword.
You completely miss the orc.
The orc is heavily wounded.
The orc barely misses you.
You hit the orc but do no damage.
The orc is heavily wounded.
The orc hits you with a +0 short sword. The orc misses you.
You barely miss the orc. You bite the orc, but do no damage.
The orc is heavily wounded.
The orc hits you with a +0 short sword.
* * * LOW HITPOINT WARNING * * *
The orc hits you with a +0 hand axe!
You die...

#.######## #.# #.#
##.# #.#
########..#######
#.#
#...............#
#.#
#.....##'##.....#
#.#
#....###รท###....#
..###
#...###8.8###.))#
....# #..##
##o#####..# .##.#
#.## #@#.##.##.#
.##.# #####
#8o8'...### ..#.##
...# #.#.##.##
.#...##...#
##(#####
..........# #8.8#
.....##...# ##.##
#.#.## ...###
#.#.# ## ..#.#
##.##..###)###..##
#.#..
(#.8...#(#.o.8.#


You could see 2 orcs.

Vanquished Creatures
  An adder (D:2)
  2 dart slugs
  An orc (D:2)
  5 endoplasms
  A giant cockroach (D:1)
  7 goblins
  A hobgoblin (D:1)
  6 jackals
  6 kobolds
  2 quokkas
  7 ball pythons
  12 bats
  2 frilled lizards (D:1)
  2 rats
55 creatures vanquished.

Notes
Turn   | Place    | Note
-------+----------+-------------------------------------------
     0 | D:1      | HAL9000 the Vine Stalker Brigand began the quest for the
                  | Orb.
     0 | D:1      | Reached XP level 1. HP: 11/11 MP: 2/2
    32 | D:1      | Reached skill level 5 in Stealth
   155 | D:1      | Reached XP level 2. HP: 15/15 MP: 3/3
   314 | D:1      | Reached skill level 6 in Stealth
   504 | D:1      | Reached XP level 3. HP: 14/18 MP: 4/4
   594 | D:1      | You fall into a shaft and drop 1 floor!
  1384 | D:2      | Found a shimmering blue altar of Sif Muna.
  1422 | D:2      | Reached skill level 7 in Stealth
  1422 | D:2      | Gained mutation: Your natural rate of healing is unusually
                  | fast. [Vine Stalker growth]
  1422 | D:2      | Reached XP level 4. HP: 23/23 MP: 5/5
  1734 | D:2      | Slain by an orc

Illustrated notes

Levels and vault maps discovered:
D:1:      giann_bridges, layout_loops_ring, serial_park_tiny_2, minmay_bisected
D:2:      layout_loops_ring, basic_altar, wad_orctagon, uniq_natasha

Skill      XL: |  1  2  3 |
---------------+----------+-----
Stealth        | 5 6 7 |  7.2
Fighting       | |  1.7
Short Blades   | |  1.7
Throwing       | |  1.7
Dodging        | |  0.7

Action                   |  1- 3 |  4- 6 || total
-------------------------+-------+-------++-------
Melee: Dagger            |    80 |    33 ||   113
       Bite              |    17 |     9 ||    26
Throw: Dart              |       |     8 ||     8
 Stab: Sleeping          |    22 |     2 ||    24
Armor: Robe              |    19 |     9 ||    28
Dodge: Dodged            |    31 |    20 ||    51

Table legend: (Time is in decaauts)
 A = Elapsed time spent in this place.
 B = Non-inter-level travel time spent in this place.
 C = Inter-level travel time spent in this place.
 D = Time resting spent in this place.
 E = Time spent auto-exploring this place.
 F = Levels seen in this place.
 G = Mean time per level.
                   A        B        C        D        E       F      G
               +--------+--------+--------+--------+--------+-----+--------+
         Total |   1724 |   1693 |     31 |    223 |   1069 |   2 |  862.0 |
       Dungeon |   1724 |   1693 |     31 |    223 |   1069 |   2 |  862.0 |
               +--------+--------+--------+--------+--------+-----+--------+

Top non-repeatable levels by time:
     D:1: 1035 daAuts
     D:2: 689 daAuts
